 Dungeon Crawl Stone Soup version 0.31.0-32-g396128a36d (webtiles) character file.

Game seed: 1747636260324550868

163 Peloso the Covered (level 5, -1/5 HPs)
             Began as a Minotaur Fighter on Mar 16, 2024.
             Slain by a hobgoblin (2 damage)
             ... on level 3 of the Dungeon.
             The game lasted 00:04:02 (3254 turns).

Peloso the Covered (Minotaur Fighter)               Turns: 3254, Time: 00:04:02

Health: -1/5       AC:  2    Str: 31    XL:     5   Next: 20%
Magic:  4/4        EV:  9    Int:  5    God:
Gold:   89         SH:  0    Dex: 12    Spells: 4/4 levels left

rFire   . . .        a - melded +0 long sword
rCold   . . .        d - melded +0 buckler
rNeg    + . .        c - melded +0 chain mail
rPois   +            (helmet currently unavailable)
rElec   .            (cloak currently unavailable)
rCorr   .            (gloves currently unavailable)
SInv    .            (boots currently unavailable)
Will    .....        (no amulet)
Stlth   +            n - +6 ring of strength
HPRegen 0.20/turn    m - ring of positive energy
MPRegen 0.09/turn

%: no passive effects
@: snake-form
A: constrict, reduced hp, large, (horns 2), (retaliatory headbutt), (poison
resistance)
a: Begin Untransformation


You were on level 3 of the Dungeon.
You were an enormous serpent.
You visited 1 branch of the dungeon, and saw 3 of its levels.

You collected 89 gold pieces.

Inventory:

Hand Weapons
 a - a +0 long sword (melded)
Armour
 b - a +0 scale mail
 c - a +0 chain mail (melded)
 d - a +0 buckler (melded)
Jewellery
 m - a ring of positive energy (right hand)
 n - a +6 ring of strength (left hand)
Talismans
 g - a serpent talisman (active)
Wands
 i - a wand of paralysis (8)
Scrolls
 e - 2 scrolls of enchant armour {unknown}
 f - 2 scrolls of identify {unknown}
 h - a scroll of revelation {unknown}
 k - a scroll of teleportation {unknown}
 o - a scroll of blinking {unknown}
Potions
 j - a potion of mutation
 l - 3 potions of might


   Skills:
 + Level 4.4 Fighting
 + Level 4.5 Long Blades
 + Level 4.5 Armour
 + Level 0.5 Dodging
 + Level 0.3 Stealth
 + Level 4.4 Shields


You had 4 spell levels left.
You didn't know any spells.
Your spell library contained the following spells:

 Spells                   Type           Power      Damage    Failure   Level
 Freezing Cloud           Conj/Ice/Air   0%         6-21      100%        5
 Summon Mana Viper        Hex/Summ       0%         N/A       100%        5
 Dragon's Call            Summ           0%         N/A       100%        9


Dungeon Overview and Level Annotations

Branches:
Dungeon (3/15)

Altars:
Sif Muna


Innate Abilities, Weirdness & Mutations

You are an enormous serpent.
You have a powerful constriction melee attack.
Your maximum health is decreased, since you lack skill for your form.
Your armour is entirely melded.
You are incapable of wielding weapons or throwing items.
((You have a pair of horns on your head.))
((You reflexively headbutt those who attack you in melee.))
((Your system is resistant to poisons. (rPois)))


Message History

Your +0 chain mail melds into your body.
HP restored.
You climb downwards.
The dart slug launches a dart at you. The slug dart misses you.
There is a stone staircase leading up here.
The dart slug launches a dart at you. The slug dart hits you.
Ouch! That really hurt!
* * * LOW HITPOINT WARNING * * *
Unknown command.
You lash the dart slug! You grab the dart slug.
The dart slug is almost dead.
You constrict the dart slug.
You kill the dart slug!
There is a stone staircase leading up here.
You start resting.
HP restored.
o - a scroll labelled RETHAYN UQYCE You begin untransforming.
You continue untransforming. x3
Your transformation has ended.
Your +0 long sword unmelds from your body.
Your +0 buckler unmelds from your body.
Your +0 chain mail unmelds from your body.
A hobgoblin comes into view.
The hobgoblin shouts!
You begin transforming.
You continue transforming. x3
You turn into an enormous serpent.
Your +0 long sword melds into your body.
Your +0 buckler melds into your body.
Your +0 chain mail melds into your body.
You hit the hobgoblin but do no damage. Your grab misses the hobgoblin.
The hobgoblin hits you.
Ouch! That really hurt!
* * * LOW HITPOINT WARNING * * *
You closely miss the hobgoblin. Your grab misses the hobgoblin.
The hobgoblin barely misses you.
You barely miss the hobgoblin. Your grab misses the hobgoblin.
The hobgoblin hits you.
You die...

#########
#.....g.. #g# #
#######S##.#
...........#
#######.##.# #.#
# #.# #.#
##########.# #
#..........##.#
.##..........###


You could see a hobgoblin.

Vanquished Creatures
  Terence (D:2)
  Natasha (thrice) (D:2)
  An adder (D:2)
  2 dart slugs
  A ribbon worm (D:2)
  6 endoplasms
  2 giant cockroaches (D:1)
  3 goblins
  5 hobgoblins
  7 jackals
  3 kobolds
  A quokka (D:1)
  5 bats
  A frilled lizard (D:1)
  3 rats
44 creatures vanquished.

Notes
Turn   | Place    | Note
-------+----------+-------------------------------------------
     0 | D:1      | Peloso the Minotaur Fighter began the quest for the Orb.
     0 | D:1      | Reached XP level 1. HP: 19/19 MP: 0/0
   129 | D:1      | Found a faded altar of an unknown god.
   165 | D:1      | Reached XP level 2. HP: 20/27 MP: 1/1
   794 | D:1      | Reached XP level 3. HP: 33/33 MP: 2/2
  1193 | D:2      | Found a shimmering blue altar of Sif Muna.
  1463 | D:2      | Gained mutation: Your system is resistant to poisons.
                  | (rPois) [potion of mutation]
  1546 | D:2      | Got the Verses on Apparitions and Hypothermia
  1608 | D:2      | Noticed Terence
  1618 | D:2      | Killed Terence
  1619 | D:2      | Reached XP level 4. HP: 31/40 MP: 3/3
  1751 | D:2      | Noticed Natasha
  1757 | D:2      | Killed Natasha
  1974 | D:2      | Noticed Natasha
  1982 | D:2      | Killed Natasha
  2139 | D:2      | Noticed Natasha
  2147 | D:2      | Killed Natasha
  2148 | D:2      | Reached XP level 5. HP: 38/47 MP: 4/4
  3254 | D:3      | Slain by a hobgoblin

Illustrated notes

Levels and vault maps discovered:
D:1:      heliophobic_arrival_battle_scene, layout_loops_corners,
          chequers_ecumenical_altar_simple_redux, serial_bayou,
          serial_bayou_pond_e, serial_bayou_lagoon_b, serial_bayou_pond_d,
          serial_bayou_pond_e
D:2:      layout_basic, basic_altar, moated_statue, uniq_natasha, uniq_terence
D:3:      layout_basic, overflow_temple_1_default, serial_shops, shop

Skill      XL: |  1  2  3  4 |
---------------+-------------+-----
Shields        | 4 |  4.4
Fighting       | 4 |  4.4
Armour         | 4 |  4.5
Long Blades    | 3 4 |  4.5
Dodging        | |  0.5
Stealth        | |  0.3

Action                     |  1- 3 |  4- 6 || total
---------------------------+-------+-------++-------
  Melee: Long sword        |    89 |    20 ||   109
         Headbutt          |    13 |     4 ||    17
         Unarmed           |       |     5 ||     5
         Constrict         |       |     1 ||     1
    Use: Potion            |     3 |       ||     3
 Armour: Scale mail        |    59 |       ||    59
         Chain mail        |       |    18 ||    18
         Skin              |       |     4 ||     4
  Dodge: Dodged            |    46 |    11 ||    57
  Block: Buckler           |    23 |     3 ||    26
   Form: Serpent           |     2 |     5 ||     7
                           |     2 |     4 ||     6
